Devils vs Flyers

Created - 26 novembre 2019 at 17:20

Goals
1 2 3 T
Devils 1 3 0 4
Flyers 1 0 2 3
Shots
1 2 3 T
Devils 11 10 12 33
Flyers 10 5 22 37

1st period

1. Flyers , Leon Draisaitl 7 (Patrick Kane 12) at 5:44
2. Devils , Anze Kopitar 7 (Jeff Skinner 9, Alex DeBrincat 8) at 19:08

Penalties :
Brandon Montour (PHI) for High sticking (Minor) at 12:48

2nd period

3. Devils , Anze Kopitar 8 (Alex DeBrincat 9, Jeff Skinner 10) at 7:32
4. Devils , Kyle Turris 4 (Sam Steel 7, Ryan Ellis 6) at 17:46
5. Devils , Ryan Ellis 3 (Patrice Bergeron 8) at 18:20

Penalties :
Jeff Skinner (NJD) for Interference (Minor) at 0:21, Neal Pionk (NJD) for Holding (Minor) at 4:16

3rd period

6. Flyers , Vincent Trocheck 7 (Kevin Labanc 5, Jakub Vrana 5) at 15:18
7. Flyers , Justin Faulk 2 (Casey Cizikas 8, Travis Konecny 7) at 19:57

Penalties :
Brandon Montour (PHI) for Roughing (Minor) at 0:28, Thomas Hickey (NJD) for Cross-checking (Minor) at 6:05

Goalie Stats

Sergei Bobrovsky (NJD), 34 saves from 37 shots - (0,919), W, 9-6-3, 60:00 minutes
Matt Murray (PHI), 29 saves from 33 shots - (0,879), L, 9-5-1, 60:00 minutes

Players Stats for Devils

Player Name              G  A  P  +/- PIM S  H  SB GA TA FO     MP     PP MP  PK MP  
------------------------------------------------------------------------------------
Alex DeBrincat           0  2  2   2  0   5  1  0  0  0  0/0    16:07   1:53   0:00 
Anze Kopitar             2  0  2   2  0   4  2  0  0  1  11/20  16:09   1:53   0:00 
Brandon Carlo            0  0  0  -1  0   0  2  0  0  1  0/0    19:09   0:00   0:59 
Brayden Point            0  0  0   1  0   8  2  1  1  0  1/1    17:56   2:05   1:16 
Charlie Coyle            0  0  0  -3  0   0  0  2  0  0  6/14   15:47   0:00   2:53 
Dominik Kahun            0  0  0  -3  0   1  1  2  1  0  0/1    12:51   0:00   0:00 
Jared Spurgeon           0  0  0   1  0   0  1  0  0  0  0/0    23:26   1:52   3:26 
Jeff Skinner             0  2  2   2  2   1  0  0  0  1  0/1    16:10   1:53   0:00 
Kevin Connauton          0  0  0   1  0   1  0  2  0  1  0/0    18:30   0:00   3:26 
Kyle Turris              1  0  1   1  0   3  1  0  0  0  0/0     9:45   0:00   1:25 
Marcus Johansson         0  0  0  -3  0   3  0  0  2  0  0/2    15:46   0:00   2:54 
Neal Pionk               0  0  0   1  2   0  3  0  0  0  0/0    17:25   2:06   1:32 
Patrice Bergeron         0  1  1   1  0   1  2  0  1  0  11/19  16:38   2:05   0:00 
Reilly Smith             0  0  0   1  0   0  0  1  0  2  0/1    16:38   2:05   0:00 
Roope Hintz              0  0  0   1  0   1  1  0  0  0  0/0    10:07   0:00   1:43 
Ryan Ellis               1  1  2   1  0   2  1  0  1  0  0/0    22:20   2:06   2:31 
Sam Steel                0  1  1   1  0   2  2  1  1  1  2/5    10:07   0:00   1:43 
Thomas Hickey            0  0  0  -1  2   1  3  2  0  1  0/0    19:09   1:52   0:00 

Players Stats for Flyers

Player Name              G  A  P  +/- PIM S  H  SB GA TA FO     MP     PP MP  PK MP  
------------------------------------------------------------------------------------
Brandon Montour          0  0  0   0  4   1  1  1  0  0  0/0    23:50   4:19   0:00 
Calle Jarnkrok           0  0  0  -2  0   0  2  1  0  1  3/5    10:08   0:00   2:09 
Casey Cizikas            0  1  1   1  0   3  1  1  1  1  12/14  15:14   0:00   2:08 
Filip Forsberg           0  0  0   1  0   1  0  1  0  1  0/4    19:21   2:37   0:00 
Jakub Vrana              0  1  1  -1  0   0  1  0  1  0  1/1    15:50   3:20   0:00 
Justin Faulk             1  0  1  -2  0   3  1  2  0  0  0/0    21:49   1:38   2:06 
Kevin Fiala              0  0  0  -2  0   0  0  0  1  1  0/0     8:00   0:00   0:00 
Kevin Labanc             0  1  1  -1  0   3  0  0  2  0  0/4    12:29   0:00   0:00 
Leon Draisaitl           1  0  1   1  0   5  2  1  0  0  9/18   19:30   2:37   0:09 
Mike Matheson            0  0  0  -2  0   2  0  1  0  1  0/0    21:47   1:38   2:06 
Nikita Zadorov           0  0  0   1  0   0  1  0  0  0  0/0    14:25   0:00   1:52 
Patrick Kane             0  1  1   1  0   6  0  0  1  1  0/1    19:21   2:37   0:00 
Rasmus Ristolainen       0  0  0   0  0   2  4  1  0  0  0/0    23:48   4:19   0:00 
Scott Laughton           0  0  0   1  0   1  2  1  0  0  0/1    14:32   0:00   1:32 
Sean Kuraly              0  0  0  -2  0   0  1  0  0  0  1/2     9:17   0:00   1:32 
T.J. Brodie              0  0  0   1  0   2  0  0  0  1  0/0    14:25   0:00   1:52 
Travis Konecny           0  1  1   1  0   6  0  0  1  0  1/1    15:57   3:20   0:00 
Vincent Trocheck         1  0  1  -1  0   2  0  0  1  0  6/13   16:17   3:20   0:26 

3 Stars

1 - Anze Kopitar (NJD)
2 - Ryan Ellis (NJD)
3 - Alex DeBrincat (NJD)

Power Play

Devils - 0 on 2 Attempt(s) - 0,00%
Flyers - 0 on 3 Attempt(s) - 0,00%

Penalty Kill

Devils - 3 on 3 Attempt(s) - 100,00% - Score 0 goal in Penalty Kill
Flyers - 2 on 2 Attempt(s) - 100,00% - Score 0 goal in Penalty Kill

Team Stat

Devils - Hits : 22 - Faceoff Wins : 31 - Blocked Shots : 11 - Penalty Minutes : 6
Flyers - Hits : 16 - Faceoff Wins : 33 - Blocked Shots : 10 - Penalty Minutes : 4

Official

Referees : Dennis LaRue and Graham Skiliter
Linesman : Pierre Racicot and Ryan Gibbons

Game Notes

No Game Note

Finance

Level 1 -- Attendance: 5939 (98,98%) -- Ticket Income 564 205 $
Level 2 -- Attendance: 4758 (95,16%) -- Ticket Income 256 932 $
Level 3 -- Attendance: 2000 (100,00%) -- Ticket Income 66 000 $
Level 4 -- Attendance: 3640 (91,00%) -- Ticket Income 80 080 $
Luxury Box -- Attendance: 939 (93,90%) -- Ticket Income 154 935 $
Game was played at the Spectrum.
Total Attendance: 17276 (95,98%)
Total Ticket Income: 1 122 152 $
Other Income: 549 854 $
Total Income: 1 672 006 $

Devils

5 vs 5 Forward 
   Center                   Left Wing                Right Wing               Time % Phy DF OF 
 1 Patrice Bergeron         Brayden Point            Reilly Smith             32     0   1  4  
 2 Anze Kopitar             Alex DeBrincat           Jeff Skinner             32     0   1  4  
 3 Charlie Coyle            Dominik Kahun            Marcus Johansson         23     1   2  2  
 4 Sam Steel                Roope Hintz              Kyle Turris              13     1   2  2  

5 vs 5 Defense 
   Defense                  Defense                                           Time % Phy DF OF 
 1 Jared Spurgeon           Ryan Ellis                                        35     1   3  1  
 2 Brandon Carlo            Thomas Hickey                                     35     1   3  1  
 3 Kevin Connauton          Neal Pionk                                        28     1   3  1  
 4 Jared Spurgeon           Ryan Ellis                                        2      1   3  1  

PowerPlay Forward 
   Center                   Left Wing                Right Wing               Time % Phy DF OF 
 1 Patrice Bergeron         Brayden Point            Reilly Smith             57     0   0  5  
 2 Anze Kopitar             Alex DeBrincat           Jeff Skinner             43     0   0  5  

PowerPlay Defense
   Defense                  Defense                                           Time % Phy DF OF 
 1 Neal Pionk               Ryan Ellis                                        50     0   1  4  
 2 Jared Spurgeon           Thomas Hickey                                     50     0   1  4  

Penalty Kill 4 Players Forward 
   Center                   Wing                     Time % Phy DF OF 
 1 Charlie Coyle            Marcus Johansson         60     1   4  0  
 2 Sam Steel                Roope Hintz              40     1   4  0  

Penalty Kill 4 Players Defense
   Defense                  Defense                  Time % Phy DF OF 
 1 Kevin Connauton          Jared Spurgeon           60     1   4  0  
 2 Ryan Ellis               Neal Pionk               40     1   4  0  

Penalty Kill - 3 Players Forward 
   Forward                                           Time % Phy DF OF 
 1 Charlie Coyle                                     60     1   4  0  
 2 Sam Steel                                         40     1   4  0  

Penalty Kill - 3 Players Defense
   Defense                  Defense                  Time % Phy DF OF 
 1 Kevin Connauton          Ryan Ellis               50     1   4  0  
 2 Jared Spurgeon           Neal Pionk               50     1   4  0  

4 vs 4 Forward 
   Center                   Wing                     Time % Phy DF OF 
 1 Brayden Point            Alex DeBrincat           50     0   1  4  
 2 Anze Kopitar             Jeff Skinner             50     0   1  4  

4 vs 4 Defense
   Defense                  Defense                  Time % Phy DF OF 
 1 Neal Pionk               Ryan Ellis               50     1   2  2  
 2 Jared Spurgeon           Kevin Connauton          50     1   2  2  

Last Minutes Offensive
   Center                   Left Wing                Right Wing               Defense                  Defense                  
   Patrice Bergeron         Brayden Point            Jeff Skinner             Neal Pionk               Ryan Ellis               

Last Minutes Defensive
   Center                   Left Wing                Right Wing               Defense                  Defense                  
   Anze Kopitar             Brayden Point            Charlie Coyle            Neal Pionk               Ryan Ellis               

Goaltenders
Starting : Sergei Bobrovsky         
Backup : Jimmy Howard             

Extra Forwards
Normal : Brayden Point, Marcus Johansson, Kyle Turris - PP : Brayden Point, Marcus Johansson - PK : Kyle Turris
Extra Defensemen
Normal : Kevin Connauton, Ryan Ellis, Jared Spurgeon - PP : Kevin Connauton - PK : Ryan Ellis, Jared Spurgeon
Penalty Shots
Anze Kopitar, Kyle Turris, Ryan Ellis, Brayden Point, Jeff Skinner
Custom OT Lines Forwards
Roope Hintz, Brayden Point, Jeff Skinner, Reilly Smith, Alex DeBrincat, Anze Kopitar, Patrice Bergeron, Marcus Johansson, Kyle Turris, Charlie Coyle
Custom OT Lines Defensemen
Thomas Hickey, Ryan Ellis, Jared Spurgeon, Neal Pionk, Kevin Connauton

Scratches
Cal O'Reilly (Healthy)

Flyers

5 vs 5 Forward 
   Center                   Left Wing                Right Wing               Time % Phy DF OF 
 1 Leon Draisaitl           Filip Forsberg           Patrick Kane             32     0   1  4  
 2 Vincent Trocheck         Kevin Labanc             Jakub Vrana              29     0   1  4  
 3 Casey Cizikas            Scott Laughton           Travis Konecny           27     0   2  3  
 4 Sean Kuraly              Calle Jarnkrok           Kevin Fiala              12     0   2  3  

5 vs 5 Defense 
   Defense                  Defense                                           Time % Phy DF OF 
 1 Brandon Montour          Rasmus Ristolainen                                40     0   3  2  
 2 Justin Faulk             Mike Matheson                                     35     0   3  2  
 3 Nikita Zadorov           T.J. Brodie                                       25     0   4  1  
 4 Justin Faulk             Brandon Montour                                   0      1   2  2  

PowerPlay Forward 
   Center                   Left Wing                Right Wing               Time % Phy DF OF 
 1 Leon Draisaitl           Filip Forsberg           Patrick Kane             55     0   0  5  
 2 Vincent Trocheck         Jakub Vrana              Travis Konecny           45     0   0  5  

PowerPlay Defense
   Defense                  Defense                                           Time % Phy DF OF 
 1 Brandon Montour          Rasmus Ristolainen                                55     0   1  4  
 2 Justin Faulk             Mike Matheson                                     45     0   1  4  

Penalty Kill 4 Players Forward 
   Center                   Wing                     Time % Phy DF OF 
 1 Calle Jarnkrok           Casey Cizikas            55     1   4  0  
 2 Scott Laughton           Sean Kuraly              45     1   4  0  

Penalty Kill 4 Players Defense
   Defense                  Defense                  Time % Phy DF OF 
 1 Mike Matheson            Justin Faulk             55     1   4  0  
 2 Nikita Zadorov           T.J. Brodie              45     1   4  0  

Penalty Kill - 3 Players Forward 
   Forward                                           Time % Phy DF OF 
 1 Casey Cizikas                                     55     0   5  0  
 2 Scott Laughton                                    45     0   5  0  

Penalty Kill - 3 Players Defense
   Defense                  Defense                  Time % Phy DF OF 
 1 Mike Matheson            Justin Faulk             55     0   5  0  
 2 Nikita Zadorov           T.J. Brodie              45     0   5  0  

4 vs 4 Forward 
   Center                   Wing                     Time % Phy DF OF 
 1 Leon Draisaitl           Patrick Kane             55     0   2  3  
 2 Vincent Trocheck         Filip Forsberg           45     0   2  3  

4 vs 4 Defense
   Defense                  Defense                  Time % Phy DF OF 
 1 Brandon Montour          Rasmus Ristolainen       55     0   2  3  
 2 Justin Faulk             Mike Matheson            45     0   2  3  

Last Minutes Offensive
   Center                   Left Wing                Right Wing               Defense                  Defense                  
   Leon Draisaitl           Filip Forsberg           Patrick Kane             Justin Faulk             Rasmus Ristolainen       

Last Minutes Defensive
   Center                   Left Wing                Right Wing               Defense                  Defense                  
   Vincent Trocheck         Casey Cizikas            Patrick Kane             Rasmus Ristolainen       Mike Matheson            

Goaltenders
Starting : Matt Murray              
Backup : Casey DeSmith            

Extra Forwards
Normal : Casey Cizikas, Kevin Fiala, Scott Laughton - PP : Kevin Labanc, Casey Cizikas - PK : Vincent Trocheck
Extra Defensemen
Normal : T.J. Brodie, Nikita Zadorov, Rasmus Ristolainen - PP : T.J. Brodie - PK : Nikita Zadorov, T.J. Brodie
Penalty Shots
Patrick Kane, Leon Draisaitl, Jakub Vrana, Vincent Trocheck, Casey Cizikas
Custom OT Lines Forwards
Patrick Kane, Leon Draisaitl, Filip Forsberg, Vincent Trocheck, Casey Cizikas, Scott Laughton, Kevin Fiala, Jakub Vrana, Calle Jarnkrok, Sean Kuraly
Custom OT Lines Defensemen
Justin Faulk, Brandon Montour, T.J. Brodie, Mike Matheson, Nikita Zadorov

Scratches
Brendan Perlini (Healthy), Michael Del Zotto (Healthy), Ryan Hitchcock (Healthy)

% Time on Ice - Devils

Lines # - Real PCT - Wanted PCT - Time Play
Normal Forward
1 - 29% - 32% - 14:34
2 - 29% - 32% - 14:18
3 - 26% - 23% - 12:51
4 - 17% - 13% - 8:20
Normal Defense
1 - 35% - 35% - 17:22
2 - 35% - 35% - 17:18
3 - 29% - 28% - 14:31
4 - 2% - 2% - 0:52
PP Forward
1 - 53% - 57% - 2:05
2 - 47% - 43% - 1:53
PP Defense
1 - 53% - 50% - 2:06
2 - 47% - 50% - 1:52
PK Forward
1 - 71% - 60% - 4:14
2 - 29% - 40% - 1:43
PK Defense
1 - 58% - 60% - 3:26
2 - 42% - 40% - 2:31
PK3 Forward
1 - 0% - 60%
2 - 0% - 40%
PK3 Defense
1 - 0% - 50%
2 - 0% - 50%
44 Forward
1 - 0% - 50%
2 - 0% - 50%
44 Defense
1 - 0% - 50%
2 - 0% - 50%
Last Minute Offensive  - 0:00
Last Minute Defensive  - 0:02
Total
Forward - 60:00
Defense - 60:00

% Time on Ice - Flyers

Lines # - Real PCT - Wanted PCT - Time Play
Normal Forward
1 - 34% - 32% - 16:48
2 - 25% - 29% - 12:30
3 - 26% - 27% - 13:00
4 - 15% - 12% - 7:45
Normal Defense
1 - 41% - 40% - 20:23
2 - 34% - 35% - 17:08
3 - 25% - 25% - 12:32
4 - 0% - 0% - 0:00
PP Forward
1 - 44% - 55% - 2:37
2 - 56% - 45% - 3:20
PP Defense
1 - 73% - 55% - 4:19
2 - 27% - 45% - 1:38
PK Forward
1 - 61% - 55% - 2:26
2 - 39% - 45% - 1:32
PK Defense
1 - 53% - 55% - 2:06
2 - 47% - 45% - 1:52
PK3 Forward
1 - 0% - 55%
2 - 0% - 45%
PK3 Defense
1 - 0% - 55%
2 - 0% - 45%
44 Forward
1 - 0% - 55%
2 - 0% - 45%
44 Defense
1 - 0% - 55%
2 - 0% - 45%
Last Minute Offensive  - 0:02
Last Minute Defensive  - 0:00
Total
Forward - 60:00
Defense - 60:00

Play-by-Play

1st period


0:01 of 1st period - Patrice Bergeron wins face-off versus Leon Draisaitl in neutral zone.
0:04 of 1st period - Slapshot by Reilly Smith.
0:04 of 1st period - Shot Hit the Post.
0:06 of 1st period - Slapshot by Jared Spurgeon.
0:06 of 1st period - Shot Hit the Post.
0:14 of 1st period - Wrist shot by Brayden Point.
0:14 of 1st period - Stopped by Matt Murray without a rebound.
0:15 of 1st period - Vincent Trocheck wins face-off versus Anze Kopitar in Flyers zone.
0:32 of 1st period - Backhand shot by Jeff Skinner.
0:32 of 1st period - Shot Hit the Post.
1:03 of 1st period - Slapshot by Kevin Fiala.
1:03 of 1st period - Shot Blocked by Kevin Connauton.
1:26 of 1st period - Slapshot by Patrice Bergeron.
1:26 of 1st period - Shot Blocked by Leon Draisaitl.
2:13 of 1st period - Dominik Kahun is hit by Casey Cizikas.
2:53 of 1st period - Wrist shot by Patrick Kane.
2:53 of 1st period - Deflect By Leon Draisaitl.
2:53 of 1st period - Shot Misses the Net.
2:53 of 1st period - Puck is out of play.
2:54 of 1st period - Patrice Bergeron wins face-off versus Leon Draisaitl in Devils zone.
3:29 of 1st period - Slapshot by Brayden Point.
3:29 of 1st period - Stopped by Matt Murray without a rebound.
3:30 of 1st period - Casey Cizikas wins face-off versus Anze Kopitar in Flyers zone.
4:19 of 1st period - Slapshot by Kevin Labanc.
4:19 of 1st period - Stopped by Sergei Bobrovsky without a rebound.
4:20 of 1st period - Sam Steel wins face-off versus Vincent Trocheck in Devils zone.
4:45 of 1st period - Travis Konecny is hit by Thomas Hickey.
5:30 of 1st period - Icing by Brandon Montour.
5:31 of 1st period - Leon Draisaitl wins face-off versus Charlie Coyle in Flyers zone.
5:38 of 1st period - Backhand shot by Leon Draisaitl.
5:38 of 1st period - Stopped by Sergei Bobrovsky with a rebound.
5:40 of 1st period - Wrist shot by Leon Draisaitl.
5:40 of 1st period - Shot Blocked by Charlie Coyle.
5:42 of 1st period - Wrist shot by Patrick Kane.
5:42 of 1st period - Stopped by Sergei Bobrovsky with a rebound.
5:44 of 1st period - Slapshot by Leon Draisaitl.
5:44 of 1st period - Goal by Leon Draisaitl - Devils : 0 - Flyers : 1.
5:45 of 1st period - Vincent Trocheck wins face-off versus Anze Kopitar in neutral zone.
5:50 of 1st period - Wrist shot by Kevin Labanc.
5:50 of 1st period - Stopped by Sergei Bobrovsky with a rebound.
6:18 of 1st period - Slapshot by Patrice Bergeron.
6:18 of 1st period - Shot Blocked by Mike Matheson.
6:22 of 1st period - Snap shot by Patrice Bergeron.
6:22 of 1st period - Shot Misses the Net.
8:21 of 1st period - Anze Kopitar is hit by Rasmus Ristolainen and loses puck.
8:28 of 1st period - Slapshot by Vincent Trocheck.
8:28 of 1st period - Stopped by Sergei Bobrovsky with a rebound.
8:42 of 1st period - Filip Forsberg is hit by Roope Hintz and loses puck.
9:01 of 1st period - Wrist shot by Brayden Point.
9:01 of 1st period - Deflect By Patrice Bergeron.
9:01 of 1st period - Shot Misses the Net.
9:01 of 1st period - Puck is out of play.
9:02 of 1st period - Patrice Bergeron wins face-off versus Kevin Labanc in Flyers zone.
9:03 of 1st period - Snap shot by Brayden Point.
9:03 of 1st period - Shot Misses the Net.
9:11 of 1st period - Wrist shot by Brayden Point.
9:11 of 1st period - Stopped by Matt Murray without a rebound.
9:12 of 1st period - Anze Kopitar wins face-off versus Vincent Trocheck in Flyers zone.
9:36 of 1st period - Icing by Mike Matheson.
9:37 of 1st period - Vincent Trocheck wins face-off versus Patrice Bergeron in Flyers zone.
9:37 of 1st period - Vincent Trocheck is hit by Brandon Carlo.
9:47 of 1st period - Wrist shot by Kevin Labanc.
9:47 of 1st period - Stopped by Sergei Bobrovsky without a rebound.
9:48 of 1st period - Casey Cizikas wins face-off versus Charlie Coyle in Devils zone.
9:51 of 1st period - Slapshot by Casey Cizikas.
9:51 of 1st period - Shot Misses the Net.
10:37 of 1st period - Slapshot by Patrice Bergeron.
10:37 of 1st period - Shot Misses the Net.
10:39 of 1st period - Slapshot by Ryan Ellis.
10:39 of 1st period - Deflect By Brandon Montour.
10:39 of 1st period - Stopped by Matt Murray without a rebound.
10:40 of 1st period - Charlie Coyle wins face-off versus Filip Forsberg in Flyers zone.
10:45 of 1st period - Snap shot by Marcus Johansson.
10:45 of 1st period - Shot Misses the Net.
12:15 of 1st period - Wrist shot by Marcus Johansson.
12:15 of 1st period - Shot Hit the Post.
12:35 of 1st period - Snap shot by Kevin Fiala.
12:35 of 1st period - Shot Misses the Net.
12:48 of 1st period - Minor Penalty to Brandon Montour for High sticking.
12:49 of 1st period - Patrice Bergeron wins face-off versus Calle Jarnkrok in Flyers zone.
12:54 of 1st period - Snap shot by Brayden Point.
12:54 of 1st period - Stopped by Matt Murray without a rebound.
12:55 of 1st period - Patrice Bergeron wins face-off versus Calle Jarnkrok in Flyers zone.
13:24 of 1st period - Slapshot by Alex DeBrincat.
13:24 of 1st period - Stopped by Matt Murray with a rebound.
13:26 of 1st period - Slapshot by Thomas Hickey.
13:26 of 1st period - Deflect By Anze Kopitar.
13:26 of 1st period - Stopped by Matt Murray without a rebound.
13:27 of 1st period - Anze Kopitar wins face-off versus Scott Laughton in Flyers zone.
13:41 of 1st period - Wrist shot by Jeff Skinner.
13:41 of 1st period - Shot Misses the Net.
13:43 of 1st period - Slapshot by Ryan Ellis.
13:43 of 1st period - Shot Blocked by Justin Faulk.
13:51 of 1st period - Wrist shot by Jeff Skinner.
13:51 of 1st period - Stopped by Matt Murray with a rebound.
13:57 of 1st period - Slapshot by Sean Kuraly.
13:57 of 1st period - Shot Misses the Net.
13:59 of 1st period - Slapshot by Justin Faulk.
13:59 of 1st period - Shot Misses the Net.
14:07 of 1st period - Wrist shot by Scott Laughton.
14:07 of 1st period - Shot Misses the Net.
14:09 of 1st period - Wrist shot by Scott Laughton.
14:09 of 1st period - Shot Blocked by Thomas Hickey.
14:15 of 1st period - Slapshot by Justin Faulk.
14:15 of 1st period - Stopped by Sergei Bobrovsky without a rebound.
14:16 of 1st period - Calle Jarnkrok wins face-off versus Reilly Smith in Devils zone.
14:23 of 1st period - Wrist shot by Patrice Bergeron.
14:23 of 1st period - Shot Misses the Net.
14:32 of 1st period - Off-side.
14:33 of 1st period - Calle Jarnkrok wins face-off versus Patrice Bergeron in neutral zone.
14:48 of 1st period - Penalty to Brandon Montour is over, Brandon Montour is back on ice.
15:43 of 1st period - Wrist shot by Casey Cizikas.
15:43 of 1st period - Deflect By Travis Konecny.
15:43 of 1st period - Stopped by Sergei Bobrovsky without a rebound.
15:44 of 1st period - Patrice Bergeron wins face-off versus Casey Cizikas in Devils zone.
15:56 of 1st period - Wrist shot by Casey Cizikas.
15:56 of 1st period - Deflect By Travis Konecny.
15:56 of 1st period - Stopped by Sergei Bobrovsky without a rebound.
15:57 of 1st period - Patrice Bergeron wins face-off versus Leon Draisaitl in Devils zone.
16:05 of 1st period - Icing by Jared Spurgeon.
16:06 of 1st period - Patrice Bergeron wins face-off versus Leon Draisaitl in Devils zone.
16:53 of 1st period - Leon Draisaitl is hit by Patrice Bergeron and loses puck.
17:32 of 1st period - Snap shot by Brayden Point.
17:32 of 1st period - Stopped by Matt Murray with a rebound.
17:44 of 1st period - Snap shot by Brayden Point.
17:44 of 1st period - Stopped by Matt Murray without a rebound.
17:45 of 1st period - Anze Kopitar wins face-off versus Kevin Labanc in Flyers zone.
18:12 of 1st period - Brandon Carlo is hit by Scott Laughton and loses puck.
18:39 of 1st period - Kyle Turris is hit by Calle Jarnkrok and loses puck.
18:54 of 1st period - Wrist shot by Anze Kopitar.
18:54 of 1st period - Deflect By Jeff Skinner.
18:54 of 1st period - Shot Misses the Net.
18:54 of 1st period - Puck is out of play.
18:55 of 1st period - Anze Kopitar wins face-off versus Kevin Labanc in Flyers zone.
19:08 of 1st period - Snap shot by Anze Kopitar.
19:08 of 1st period - Goal by Anze Kopitar - Devils : 1 - Flyers : 1.
19:09 of 1st period - Casey Cizikas wins face-off versus Anze Kopitar in neutral zone.
19:26 of 1st period - Wrist shot by Anze Kopitar.
19:26 of 1st period - Shot Blocked by Casey Cizikas.
19:57 of 1st period - Off-side.
19:58 of 1st period - Patrice Bergeron wins face-off versus Filip Forsberg in neutral zone.
Goals for this period are 1 for Devils vs 1 for Flyers.
Shots for this period are 11 for Devils vs 10 for Flyers.

2nd period


0:01 of 2nd period - Anze Kopitar wins face-off versus Casey Cizikas in neutral zone.
0:21 of 2nd period - Minor Penalty to Jeff Skinner for Interference.
0:22 of 2nd period - Charlie Coyle wins face-off versus Leon Draisaitl in Devils zone.
0:35 of 2nd period - Snap shot by Patrick Kane.
0:35 of 2nd period - Deflect By Filip Forsberg.
0:35 of 2nd period - Stopped by Sergei Bobrovsky with a rebound.
0:37 of 2nd period - Slapshot by Filip Forsberg.
0:37 of 2nd period - Shot Misses the Net.
0:39 of 2nd period - Slapshot by Patrick Kane.
0:39 of 2nd period - Shot Misses the Net.
1:00 of 2nd period - Off-side.
1:01 of 2nd period - Sam Steel wins face-off versus Filip Forsberg in neutral zone.
1:06 of 2nd period - Justin Faulk is hit by Neal Pionk and loses puck.
1:59 of 2nd period - Brandon Montour is hit by Jared Spurgeon and loses puck.
2:21 of 2nd period - Penalty to Jeff Skinner is over, Jeff Skinner is back on ice.
2:52 of 2nd period - Snap shot by Patrice Bergeron.
2:52 of 2nd period - Stopped by Matt Murray without a rebound.
2:53 of 2nd period - Casey Cizikas wins face-off versus Patrice Bergeron in Flyers zone.
3:13 of 2nd period - Icing by Patrice Bergeron.
3:14 of 2nd period - Vincent Trocheck wins face-off versus Jeff Skinner in Devils zone.
3:25 of 2nd period - Vincent Trocheck is hit by Thomas Hickey and loses puck.
3:40 of 2nd period - Charlie Coyle is hit by Rasmus Ristolainen and loses puck.
4:16 of 2nd period - Minor Penalty to Neal Pionk for Holding.
4:17 of 2nd period - Leon Draisaitl wins face-off versus Charlie Coyle in Devils zone.
4:19 of 2nd period - Slapshot by Patrick Kane.
4:19 of 2nd period - Stopped by Sergei Bobrovsky without a rebound.
4:20 of 2nd period - Charlie Coyle wins face-off versus Leon Draisaitl in Devils zone.
4:31 of 2nd period - Wrist shot by Leon Draisaitl.
4:31 of 2nd period - Shot Misses the Net.
4:37 of 2nd period - Slapshot by Leon Draisaitl.
4:37 of 2nd period - Shot Misses the Net.
6:16 of 2nd period - Penalty to Neal Pionk is over, Neal Pionk is back on ice.
6:31 of 2nd period - Calle Jarnkrok is hit by Neal Pionk and loses puck.
6:46 of 2nd period - Snap shot by Anze Kopitar.
6:46 of 2nd period - Shot Misses the Net.
7:04 of 2nd period - Casey Cizikas is hit by Kyle Turris.
7:18 of 2nd period - Snap shot by Jeff Skinner.
7:18 of 2nd period - Shot Blocked by Calle Jarnkrok.
7:20 of 2nd period - Snap shot by Alex DeBrincat.
7:20 of 2nd period - Stopped by Matt Murray without a rebound.
7:21 of 2nd period - Anze Kopitar wins face-off versus Sean Kuraly in Flyers zone.
7:32 of 2nd period - Snap shot by Anze Kopitar.
7:32 of 2nd period - Deflect By Mike Matheson.
7:32 of 2nd period - Goal by Anze Kopitar - Devils : 2 - Flyers : 1.
7:33 of 2nd period - Vincent Trocheck wins face-off versus Charlie Coyle in neutral zone.
7:42 of 2nd period - Snap shot by Kevin Labanc.
7:42 of 2nd period - Shot Misses the Net.
7:44 of 2nd period - Snap shot by Jakub Vrana.
7:44 of 2nd period - Shot Misses the Net.
7:58 of 2nd period - Brayden Point is hit by Rasmus Ristolainen and loses puck.
8:27 of 2nd period - Brandon Montour is hit by Neal Pionk and loses puck.
8:42 of 2nd period - Snap shot by Calle Jarnkrok.
8:42 of 2nd period - Shot Misses the Net.
9:04 of 2nd period - Wrist shot by Vincent Trocheck.
9:04 of 2nd period - Shot Misses the Net.
9:06 of 2nd period - Slapshot by Brandon Montour.
9:06 of 2nd period - Shot Misses the Net.
9:08 of 2nd period - Slapshot by Brandon Montour.
9:08 of 2nd period - Shot Misses the Net.
9:10 of 2nd period - Slapshot by Brandon Montour.
9:10 of 2nd period - Stopped by Sergei Bobrovsky with a rebound.
9:40 of 2nd period - Snap shot by Reilly Smith.
9:40 of 2nd period - Shot Blocked by Scott Laughton.
10:40 of 2nd period - Backhand shot by Filip Forsberg.
10:40 of 2nd period - Shot Misses the Net.
10:52 of 2nd period - Jared Spurgeon is hit by Calle Jarnkrok and loses puck.
12:01 of 2nd period - Snap shot by Patrick Kane.
12:01 of 2nd period - Stopped by Sergei Bobrovsky with a rebound.
12:05 of 2nd period - Slapshot by Leon Draisaitl.
12:05 of 2nd period - Stopped by Sergei Bobrovsky with a rebound.
12:36 of 2nd period - Rasmus Ristolainen is hit by Sam Steel and loses puck.
12:48 of 2nd period - Sean Kuraly is hit by Thomas Hickey and loses puck.
13:11 of 2nd period - Jeff Skinner is hit by Jakub Vrana and loses puck.
13:27 of 2nd period - Justin Faulk is hit by Anze Kopitar and loses puck.
13:54 of 2nd period - Snap shot by Leon Draisaitl.
13:54 of 2nd period - Shot Blocked by Reilly Smith.
14:06 of 2nd period - Slapshot by Kyle Turris.
14:06 of 2nd period - Shot Blocked by Rasmus Ristolainen.
14:08 of 2nd period - Snap shot by Sam Steel.
14:08 of 2nd period - Shot Blocked by Brandon Montour.
14:10 of 2nd period - Slapshot by Jared Spurgeon.
14:10 of 2nd period - Shot Misses the Net.
14:12 of 2nd period - Snap shot by Roope Hintz.
14:12 of 2nd period - Stopped by Matt Murray with a rebound.
15:04 of 2nd period - Wrist shot by Brayden Point.
15:04 of 2nd period - Stopped by Matt Murray without a rebound.
15:05 of 2nd period - Casey Cizikas wins face-off versus Anze Kopitar in Flyers zone.
15:43 of 2nd period - Kevin Connauton is hit by Nikita Zadorov and loses puck.
16:00 of 2nd period - Off-side.
16:01 of 2nd period - Leon Draisaitl wins face-off versus Dominik Kahun in neutral zone.
16:12 of 2nd period - Wrist shot by Leon Draisaitl.
16:12 of 2nd period - Shot Blocked by Dominik Kahun.
16:14 of 2nd period - Snap shot by Leon Draisaitl.
16:14 of 2nd period - Shot Blocked by Charlie Coyle.
16:38 of 2nd period - Wrist shot by Casey Cizikas.
16:38 of 2nd period - Shot Blocked by Kevin Connauton.
16:40 of 2nd period - Snap shot by Travis Konecny.
16:40 of 2nd period - Shot Misses the Net.
16:58 of 2nd period - Snap shot by Anze Kopitar.
16:58 of 2nd period - Shot Hit the Post.
17:42 of 2nd period - Wrist shot by Sam Steel.
17:42 of 2nd period - Stopped by Matt Murray with a rebound.
17:44 of 2nd period - Snap shot by Sam Steel.
17:44 of 2nd period - Stopped by Matt Murray with a rebound.
17:46 of 2nd period - Snap shot by Kyle Turris.
17:46 of 2nd period - Goal by Kyle Turris - Devils : 3 - Flyers : 1.
17:47 of 2nd period - Leon Draisaitl wins face-off versus Anze Kopitar in neutral zone.
17:50 of 2nd period - Brandon Carlo is hit by Leon Draisaitl and loses puck.
18:00 of 2nd period - Filip Forsberg is hit by Anze Kopitar and loses puck.
18:20 of 2nd period - Slapshot by Ryan Ellis.
18:20 of 2nd period - Deflect By Justin Faulk.
18:20 of 2nd period - Goal by Ryan Ellis - Devils : 4 - Flyers : 1.
18:21 of 2nd period - Anze Kopitar wins face-off versus Patrick Kane in neutral zone.
18:32 of 2nd period - Slapshot by Rasmus Ristolainen.
18:32 of 2nd period - Shot Misses the Net.
19:23 of 2nd period - Off-side.
19:24 of 2nd period - Leon Draisaitl wins face-off versus Anze Kopitar in neutral zone.
19:37 of 2nd period - Snap shot by Anze Kopitar.
19:37 of 2nd period - Stopped by Matt Murray without a rebound.
19:38 of 2nd period - Patrice Bergeron wins face-off versus Leon Draisaitl in Flyers zone.
19:53 of 2nd period - Snap shot by Patrice Bergeron.
19:53 of 2nd period - Shot Misses the Net.
19:55 of 2nd period - Slapshot by Patrice Bergeron.
19:55 of 2nd period - Shot Misses the Net.
Goals for this period are 3 for Devils vs 0 for Flyers.
Shots for this period are 10 for Devils vs 5 for Flyers.

3rd period


0:01 of 3rd period - Anze Kopitar wins face-off versus Vincent Trocheck in neutral zone.
0:06 of 3rd period - Snap shot by Alex DeBrincat.
0:06 of 3rd period - Stopped by Matt Murray with a rebound.
0:08 of 3rd period - Slapshot by Thomas Hickey.
0:08 of 3rd period - Deflect By Alex DeBrincat.
0:08 of 3rd period - Shot Blocked by Justin Faulk.
0:08 of 3rd period - Puck is out of play.
0:09 of 3rd period - Anze Kopitar wins face-off versus Vincent Trocheck in Flyers zone.
0:24 of 3rd period - Snap shot by Alex DeBrincat.
0:24 of 3rd period - Stopped by Matt Murray without a rebound.
0:25 of 3rd period - Casey Cizikas wins face-off versus Patrice Bergeron in Flyers zone.
0:25 of 3rd period - Casey Cizikas is hit by Patrice Bergeron.
0:28 of 3rd period - Minor Penalty to Brandon Montour for Roughing.
0:29 of 3rd period - Calle Jarnkrok wins face-off versus Patrice Bergeron in Flyers zone.
0:29 of 3rd period - Calle Jarnkrok is hit by Brayden Point.
0:38 of 3rd period - Snap shot by Calle Jarnkrok.
0:38 of 3rd period - Shot Misses the Net.
1:00 of 3rd period - Mike Matheson is hit by Ryan Ellis and loses puck.
2:13 of 3rd period - Neal Pionk is hit by Scott Laughton and loses puck.
2:28 of 3rd period - Penalty to Brandon Montour is over, Brandon Montour is back on ice.
2:36 of 3rd period - Snap shot by Marcus Johansson.
2:36 of 3rd period - Stopped by Matt Murray without a rebound.
2:37 of 3rd period - Leon Draisaitl wins face-off versus Charlie Coyle in Flyers zone.
2:56 of 3rd period - Slapshot by Patrick Kane.
2:56 of 3rd period - Shot Misses the Net.
3:08 of 3rd period - Backhand shot by Dominik Kahun.
3:08 of 3rd period - Stopped by Matt Murray with a rebound.
4:23 of 3rd period - Wrist shot by Marcus Johansson.
4:23 of 3rd period - Stopped by Matt Murray with a rebound.
4:25 of 3rd period - Slapshot by Kevin Connauton.
4:25 of 3rd period - Stopped by Matt Murray without a rebound.
4:26 of 3rd period - Travis Konecny wins face-off versus Patrice Bergeron in Flyers zone.
5:16 of 3rd period - Kyle Turris is hit by Sean Kuraly.
5:34 of 3rd period - Casey Cizikas is hit by Brayden Point and loses puck.
6:05 of 3rd period - Minor Penalty to Thomas Hickey for Cross-checking.
6:06 of 3rd period - Charlie Coyle wins face-off versus Vincent Trocheck in Devils zone.
6:15 of 3rd period - Wrist shot by Rasmus Ristolainen.
6:15 of 3rd period - Stopped by Sergei Bobrovsky without a rebound.
6:16 of 3rd period - Jakub Vrana wins face-off versus Sam Steel in Devils zone.
6:31 of 3rd period - Snap shot by Travis Konecny.
6:31 of 3rd period - Stopped by Sergei Bobrovsky without a rebound.
6:32 of 3rd period - Charlie Coyle wins face-off versus Leon Draisaitl in Devils zone.
7:06 of 3rd period - Snap shot by Travis Konecny.
7:06 of 3rd period - Shot Misses the Net.
7:20 of 3rd period - Neal Pionk is hit by Brandon Montour and loses puck.
7:58 of 3rd period - Wrist shot by Travis Konecny.
7:58 of 3rd period - Stopped by Sergei Bobrovsky with a rebound.
8:00 of 3rd period - Slapshot by Rasmus Ristolainen.
8:00 of 3rd period - Stopped by Sergei Bobrovsky with a rebound.
8:02 of 3rd period - Wrist shot by Jakub Vrana.
8:02 of 3rd period - Shot Misses the Net.
8:04 of 3rd period - Backhand shot by Vincent Trocheck.
8:04 of 3rd period - Deflect By Jakub Vrana.
8:04 of 3rd period - Shot Misses the Net.
8:04 of 3rd period - Puck is out of play.
8:05 of 3rd period - Penalty to Thomas Hickey is over, Thomas Hickey is back on ice.
8:05 of 3rd period - Anze Kopitar wins face-off versus Leon Draisaitl in Devils zone.
8:05 of 3rd period - Anze Kopitar is hit by Justin Faulk.
8:11 of 3rd period - Thomas Hickey is hit by Leon Draisaitl and loses puck.
8:20 of 3rd period - Filip Forsberg is hit by Alex DeBrincat and loses puck.
8:38 of 3rd period - Snap shot by Brayden Point.
8:38 of 3rd period - Stopped by Matt Murray with a rebound.
8:50 of 3rd period - Slapshot by Mike Matheson.
8:50 of 3rd period - Stopped by Sergei Bobrovsky with a rebound.
8:52 of 3rd period - Slapshot by Casey Cizikas.
8:52 of 3rd period - Stopped by Sergei Bobrovsky with a rebound.
8:54 of 3rd period - Snap shot by Scott Laughton.
8:54 of 3rd period - Shot Hit the Post.
9:14 of 3rd period - Snap shot by Kyle Turris.
9:14 of 3rd period - Stopped by Matt Murray without a rebound.
9:15 of 3rd period - Sean Kuraly wins face-off versus Patrice Bergeron in Flyers zone.
9:22 of 3rd period - Snap shot by Calle Jarnkrok.
9:22 of 3rd period - Shot Blocked by Brayden Point.
10:09 of 3rd period - Snap shot by Leon Draisaitl.
10:09 of 3rd period - Stopped by Sergei Bobrovsky with a rebound.
10:21 of 3rd period - Wrist shot by Patrick Kane.
10:21 of 3rd period - Stopped by Sergei Bobrovsky with a rebound.
10:23 of 3rd period - Snap shot by Patrick Kane.
10:23 of 3rd period - Stopped by Sergei Bobrovsky without a rebound.
10:24 of 3rd period - Anze Kopitar wins face-off versus Vincent Trocheck in Devils zone.
11:19 of 3rd period - Snap shot by Kyle Turris.
11:19 of 3rd period - Shot Misses the Net.
11:21 of 3rd period - Slapshot by Thomas Hickey.
11:21 of 3rd period - Stopped by Matt Murray without a rebound.
11:22 of 3rd period - Vincent Trocheck wins face-off versus Anze Kopitar in Flyers zone.
12:02 of 3rd period - Snap shot by Alex DeBrincat.
12:02 of 3rd period - Stopped by Matt Murray with a rebound.
12:04 of 3rd period - Snap shot by Jeff Skinner.
12:04 of 3rd period - Shot Misses the Net.
12:06 of 3rd period - Snap shot by Neal Pionk.
12:06 of 3rd period - Shot Misses the Net.
12:08 of 3rd period - Snap shot by Alex DeBrincat.
12:08 of 3rd period - Shot Misses the Net.
12:10 of 3rd period - Slapshot by Neal Pionk.
12:10 of 3rd period - Shot Blocked by Filip Forsberg.
12:55 of 3rd period - Snap shot by Filip Forsberg.
12:55 of 3rd period - Shot Misses the Net.
12:57 of 3rd period - Wrist shot by Patrick Kane.
12:57 of 3rd period - Shot Misses the Net.
12:59 of 3rd period - Slapshot by Justin Faulk.
12:59 of 3rd period - Stopped by Sergei Bobrovsky with a rebound.
13:01 of 3rd period - Snap shot by Patrick Kane.
13:01 of 3rd period - Stopped by Sergei Bobrovsky without a rebound.
13:02 of 3rd period - Casey Cizikas wins face-off versus Patrice Bergeron in Devils zone.
14:05 of 3rd period - Icing by Dominik Kahun.
14:06 of 3rd period - Charlie Coyle wins face-off versus Vincent Trocheck in Devils zone.
15:18 of 3rd period - Slapshot by Vincent Trocheck.
15:18 of 3rd period - Goal by Vincent Trocheck - Devils : 4 - Flyers : 2.
15:19 of 3rd period - Casey Cizikas wins face-off versus Marcus Johansson in neutral zone.
16:07 of 3rd period - Vincent Trocheck is hit by Sam Steel and loses puck.
16:18 of 3rd period - Snap shot by Sam Steel.
16:18 of 3rd period - Shot Misses the Net.
16:20 of 3rd period - Wrist shot by Kyle Turris.
16:20 of 3rd period - Shot Misses the Net.
16:40 of 3rd period - Wrist shot by Travis Konecny.
16:40 of 3rd period - Shot Misses the Net.
16:42 of 3rd period - Snap shot by Mike Matheson.
16:42 of 3rd period - Stopped by Sergei Bobrovsky without a rebound.
16:43 of 3rd period - Leon Draisaitl wins face-off versus Charlie Coyle in Devils zone.
17:20 of 3rd period - Slapshot by Travis Konecny.
17:20 of 3rd period - Deflect By Scott Laughton.
17:20 of 3rd period - Stopped by Sergei Bobrovsky without a rebound.
17:21 of 3rd period - Brayden Point wins face-off versus Kevin Labanc in Devils zone.
18:10 of 3rd period - Rasmus Ristolainen is hit by Dominik Kahun and loses puck.
18:15 of 3rd period - Snap shot by Charlie Coyle.
18:15 of 3rd period - Shot Misses the Net.
18:17 of 3rd period - Snap shot by Marcus Johansson.
18:17 of 3rd period - Stopped by Matt Murray with a rebound.
18:19 of 3rd period - Wrist shot by Marcus Johansson.
18:19 of 3rd period - Deflect By Charlie Coyle.
18:19 of 3rd period - Shot Misses the Net.
18:19 of 3rd period - Puck is out of play.
18:20 of 3rd period - Patrice Bergeron wins face-off versus Filip Forsberg in Flyers zone.
18:29 of 3rd period - Snap shot by Brayden Point.
18:29 of 3rd period - Shot Misses the Net.
18:37 of 3rd period - Slapshot by Patrick Kane.
18:37 of 3rd period - Shot Misses the Net.
18:47 of 3rd period - Snap shot by Casey Cizikas.
18:47 of 3rd period - Stopped by Sergei Bobrovsky with a rebound.
18:49 of 3rd period - Slapshot by Nikita Zadorov.
18:49 of 3rd period - Deflect By Travis Konecny.
18:49 of 3rd period - Stopped by Sergei Bobrovsky without a rebound.
18:50 of 3rd period - Casey Cizikas wins face-off versus Charlie Coyle in Devils zone.
18:55 of 3rd period - Snap shot by Scott Laughton.
18:55 of 3rd period - Shot Blocked by Dominik Kahun.
18:57 of 3rd period - Slapshot by T.J. Brodie.
18:57 of 3rd period - Stopped by Sergei Bobrovsky with a rebound.
18:59 of 3rd period - Slapshot by T.J. Brodie.
18:59 of 3rd period - Stopped by Sergei Bobrovsky with a rebound.
19:01 of 3rd period - Snap shot by Casey Cizikas.
19:01 of 3rd period - Shot Blocked by Thomas Hickey.
19:03 of 3rd period - Snap shot by Casey Cizikas.
19:03 of 3rd period - Deflect By Scott Laughton.
19:03 of 3rd period - Shot Misses the Net.
19:03 of 3rd period - Puck is out of play.
19:04 of 3rd period - Casey Cizikas wins face-off versus Sam Steel in Devils zone.
19:11 of 3rd period - Snap shot by Scott Laughton.
19:11 of 3rd period - Deflect By Travis Konecny.
19:11 of 3rd period - Shot Blocked by Sam Steel.
19:11 of 3rd period - Puck is out of play.
19:12 of 3rd period - Casey Cizikas wins face-off versus Sam Steel in Devils zone.
19:13 of 3rd period - Snap shot by Travis Konecny.
19:13 of 3rd period - Stopped by Sergei Bobrovsky with a rebound.
19:21 of 3rd period - Brandon Carlo is hit by Rasmus Ristolainen and loses puck.
19:30 of 3rd period - Casey Cizikas is hit by Brandon Carlo and loses puck.
19:41 of 3rd period - Snap shot by Kyle Turris.
19:41 of 3rd period - Stopped by Matt Murray without a rebound.
19:42 of 3rd period - Leon Draisaitl wins face-off versus Marcus Johansson in Flyers zone.
19:53 of 3rd period - Slapshot by Leon Draisaitl.
19:53 of 3rd period - Stopped by Sergei Bobrovsky without a rebound.
19:54 of 3rd period - Casey Cizikas wins face-off versus Charlie Coyle in Devils zone.
19:55 of 3rd period - Slapshot by Travis Konecny.
19:55 of 3rd period - Deflect By Casey Cizikas.
19:55 of 3rd period - Stopped by Sergei Bobrovsky with a rebound.
19:57 of 3rd period - Slapshot by Justin Faulk.
19:57 of 3rd period - Goal by Justin Faulk - Devils : 4 - Flyers : 3.
19:58 of 3rd period - Leon Draisaitl wins face-off versus Anze Kopitar in neutral zone.
Goals for this period are 0 for Devils vs 2 for Flyers.
Shots for this period are 12 for Devils vs 22 for Flyers. Output by the SimonT Hockey Simulator (STHS) for Eric Tremblay - Original Page W3C HTML5 Valid
Hockey Simulator - Hockey Simulation - Hockey Manager